 Dungeon Crawl Stone Soup version 0.17.0-28-g6e173f8 (webtiles) character file.

67 veneficus the Conjurer (level 3, -1/19 HPs)
             Began as a Deep Elf Conjurer on Dec 1, 2015.
             Slain by a worm (5 damage)
             ... on level 2 of the Dungeon.
             The game lasted 00:05:48 (832 turns).

veneficus the Conjurer (Deep Elf Conjurer)           Turns: 832, Time: 00:05:48

Health: -1/19      AC:  3    Str:  6    XL:     3   Next: 98%
Magic:  0/9        EV: 13    Int: 19    God:
Gold:   39         SH:  0    Dex: 15    Spells: 2 memorised, 5 levels left

rFire  . . .     SeeInvis .     (no weapon)
rCold  . . .     Clarity  .     a - +1 robe
rNeg   . . .     SustAt   .     (no shield)
rPois  .         Gourm    .     (no helmet)
rElec  .         Spirit   .     (no cloak)
rCorr  .         Warding  .     (no gloves)
rMut   .         Stasis   .     (no boots)
MR     .....                    (no amulet)
Stlth  ++........               (no ring)
                                (no ring)

@: not resistant to hostile enchantments, unstealthy
A: no striking features
a: no special abilities


You were on level 2 of the Dungeon.
You were not hungry.

You visited 1 branch of the dungeon, and saw 2 of its levels.

You collected 39 gold pieces.

Inventory:

Armour
 a - a +1 robe (worn)
Scrolls
 f - a scroll of blinking {unknown}
Potions
 d - a potion of haste {unknown}
 g - a potion of curing {unknown}
 h - a potion of brilliance {unknown}
 l - a potion of agility {unknown}
Books
 b - a book of Conjurations

   Spells                             Type                      Level
   a - Magic Dart                     Conjuration                  1
   b - Searing Ray                    Conjuration                  2
   c - Dazzling Spray                 Conjuration/Hexes            3
   d - Fulminant Prism                Conjuration/Hexes            4
   e - Iskenderun's Mystic Blast      Conjuration                  4
   f - Iskenderun's Battlesphere      Conjuration/Charms           5
 j - a book of Geomancy

   Spells                             Type                      Level
   a - Sandblast                      Earth                        1
   b - Stoneskin                      Transmutation/Earth          2
   c - Passwall                       Transmutation/Earth          3
   d - Stone Arrow                    Conjuration/Earth            3
   e - Petrify                        Transmutation/Earth          4
   f - Lee's Rapid Deconstruction     Earth                        5
Comestibles
 c - 2 bread rations
 i - 2 chunks of flesh
 k - a meat ration


   Skills:
 + Level 2.4 Dodging
 - Level 2.4 Stealth
 + Level 3.0 Spellcasting
 * Level 6.1 Conjurations


You had 5 spell levels left.
You knew the following spells:

 Your Spells              Type           Power        Failure   Level  Hunger
a - Magic Dart            Conj           ####         1%          1    None
b - Searing Ray           Conj           ####..       1%          2    ##.....


Dungeon Overview and Level Annotations

Branches:
Dungeon (2/15)

Altars:
Ashenzari


Message History

You hit the worm.
The worm is heavily wounded.
The worm closely misses you.
Casting: Magic Dart
Confirm with . or Enter, or press ? or * to list all spells.
Aiming: Magic Dart
Press: ? - help, Shift-Dir - straight line, f/p - worm
Aim: a worm (heavily wounded)
The magic dart hits the worm.
The worm is severely wounded.
The worm bites you!
* * * LOW HITPOINT WARNING * * *
You barely miss the worm.
The worm is severely wounded.
Read which item? (? for menu, Esc to quit)
As you read the scroll labeled SIEVIW TOAZ, it crumbles to dust.
It is a scroll of enchant armour.
Enchant which item? (? for menu, Esc to quit)
Your +0 robe glows green for a moment.
The worm bites you.
You die...

........# .#...#### ##########
#...######........###
#.......##..........#
#...................##
#.............###....#
#.............#_#....#
#.............#+#....#
#.........#####@######
#..........# #w# ##..........#
#.# ............# #)#
##..........# #)###########
#..........# #....g..w...###
#..........# #####...≈≈...≈≈###
#.......#.###.....≈≈≈≈...≈≈≈≈#
##........##..≈≈≈≈≈≈##'''##≈≈≈#


You could see a worm.

Vanquished Creatures
  An adder (D:2)
  2 gnolls (D:1)
  An ooze (D:1)
  2 giant geckos
  7 bats
  4 goblins
  5 hobgoblins
  2 jackals (D:2)
  5 kobolds (D:1)
  A ball python (D:1)
  2 giant newts (D:2)
  3 rats
35 creatures vanquished.

Notes
Turn   | Place    | Note
--------------------------------------------------------------
     0 | D:1      | veneficus the Deep Elf Conjurer began the quest for the Orb.
     0 | D:1      | Reached XP level 1. HP: 10/10 MP: 6/6
    49 | D:1      | Reached skill level 5 in Conjurations
    49 | D:1      | Reached XP level 2. HP: 15/15 MP: 4/8
    54 | D:1      | Learned a level 2 spell: Searing Ray
   322 | D:1      | Reached XP level 3. HP: 19/19 MP: 4/9
   719 | D:2      | Found a shattered altar of Ashenzari.
   728 | D:2      | Reached skill level 6 in Conjurations
   832 | D:2      | Slain by a worm

Action                   || total
-------------------------++-------
Melee: Unarmed           ||    14
 Cast: Magic Dart        ||    62
       Searing Ray       ||     1
  Use: Scroll            ||     1
